 Dungeon Crawl Stone Soup version 0.22-a0-305-gd21a89c (webtiles) character file.

2199 Amnesiac the Slicer (level 9, -2/39 HPs)
             Began as a Spriggan Wizard on Mar 29, 2018.
             Was an Initiate of Dithmenos.
             Slain by an iguana (14 damage)
             ... on level 7 of the Dungeon.
             The game lasted 00:22:14 (8026 turns).

Amnesiac the Slicer (Spriggan Wizard)               Turns: 8026, Time: 00:22:14

Health: -2/39      AC:  3    Str:  3    XL:     9   Next: 12%
Magic:  9/21       EV: 18    Int: 23    God:    Dithmenos [......]
Gold:   339        SH:  0    Dex: 14    Spells: 7/23 levels left

rFire    . . .     SeeInvis +   a - +4 dagger
rCold    . . .     Gourm    .   (shield restricted)
rNeg     . . .     Faith    .   k - +0 robe
rPois    .         Spirit   .   b - +0 hat
rElec    .         Reflect  .   x - +0 cloak
rCorr    .         Harm     .   (gloves unavailable)
MR       +....                  (boots unavailable)
Stlth    ++++......             (no amulet)
HPRegen  0.13/turn              (no ring)
MPRegen  0.17/turn              (no ring)

@: very quick
A: very small, unfitting armour, see invisible, herbivore, speed 3, slow
metabolism 2
a: Renounce Religion


You were on level 7 of the Dungeon.
You worshipped Dithmenos.
Dithmenos was noncommittal.
You were not hungry.

You visited 2 branches of the dungeon, and saw 8 of its levels.
You also visited: Sewer.

You collected 339 gold pieces.

Inventory:

Hand Weapons
 a - a +4 dagger (weapon)
Missiles
 h - 2 curare-tipped needles
Armour
 b - a +0 hat (worn)
 k - a +0 robe (worn)
 u - a +0 buckler
 x - a +0 cloak (worn)
Jewellery
 i - an uncursed ring of fire
Wands
 B - a wand of paralysis (17)
 C - a wand of scattershot (5)
Scrolls
 c - a scroll of amnesia {!r, unknown}
 f - 4 scrolls of remove curse {!r}
 g - 6 scrolls of identify {!r}
 j - 2 scrolls of magic mapping {!r, unknown}
 l - 2 scrolls of enchant weapon {!r, unknown}
 m - 12 scrolls of teleportation {!r}
 n - 2 scrolls of enchant armour {!r, unknown}
 s - a scroll of noise {!r, unknown}
 v - 2 scrolls of fear {!r, unknown}
 w - 2 scrolls of immolation {!r, unknown}
Potions
 e - a potion of resistance {!q}
 o - 3 potions of heal wounds {!q, unknown}
 p - 2 potions of lignification {!q}
 q - 2 potions of cancellation {!q}
 r - 3 potions of mutation {!q}
 t - 3 potions of curing {!q}
 z - 4 potions of flight {!q, unknown}
 A - a potion of might {!q, unknown}
 D - a potion of ambrosia {!q, unknown}
Comestibles
 d - 7 rations


   Skills:
 - Level 8.0 Short Blades
 - Level 3.0 Dodging
 - Level 8.0 Stealth
 + Level 4.6 Shields
 - Level 7.6 Spellcasting
 - Level 0.6 Conjurations
 - Level 0.7 Summonings
 - Level 1.5 Translocations


You had 7 spell levels left.
You knew the following spells:

 Your Spells              Type           Power        Failure   Level  Hunger
a - Confuse               Hex            #.......     22%         3    None
b - Call Imp              Summ           ##......     9%          2    None
c - Apportation           Tloc           ###...       3%          1    None
d - Magic Dart            Conj           ##..         5%          1    None
e - Mephitic Cloud        Conj/Pois/Air  #.......     21%         3    None
s - Conjure Flame         Conj/Fire      ##......     19%         3    None
v - Blink                 Tloc           N/A          6%          2    None
z - Confusing Touch       Hex            #.....       8%          1    None


Dungeon Overview and Level Annotations

Branches:
Dungeon (7/15)             Temple (1/1) D:6

Altars:
Ashenzari
Cheibriados
Dithmenos
Elyvilon
Fedhas
Gozag
Hepliaklqana
Kikubaaqudgha
Makhleb
Nemelex Xobeh
Okawaru
Qazlal
Ru
Sif Muna
Trog
Uskayaw
Vehumet
Xom
Yredelemnul

Shops:
D:5 }


Innate Abilities, Weirdness & Mutations

You are very small and have problems with some larger weapons.
You are too small for most types of armour.
You have supernaturally acute eyesight. (SInv)
You are a herbivore.
You cover ground extremely quickly.
You need to consume almost no food.


Message History

You strike the helpless orc wizard from behind!
You impale the orc wizard!!
You kill the orc wizard!
Dithmenos accepts your kill.
Dithmenos appreciates your extinguishing a source of fire.
The orc barely misses you.
Things that are here:
a dagger of flaming; a robe; an orc corpse You hit the orc.
The orc is severely wounded.
The orc hits you with a club.
* * * LOW HITPOINT WARNING * * *
You hit the orc but do no damage.
The orc is severely wounded.
The orc closely misses you. The orc barely misses you.
You miss the quokka. The orc hits you with a club.
* * * LOW HITPOINT WARNING * * *
The iguana bites you.
* * * LOW HITPOINT WARNING * * *
The quokka bites you but does no damage.
The quokka closely misses you.
Casting: Mephitic Cloud (safe; 21% risk of failure)
Confirm with . or Enter, or press ? or * to list all spells.
Aiming: Mephitic Cloud (safe; 21% risk of failure)
Press: ? - help, Shift-Dir - straight line, f - quokka
Aim: a quokka The ball explodes into a vile cloud!
The stinking cloud engulfs the quokka.
The stinking cloud engulfs the orc.
The orc is severely wounded.
The orc is engulfed in noxious fumes.
The orc appears confused.
You kill the orc!
Dithmenos accepts your kill.
The quokka is engulfed in noxious fumes.
Unknown command.
You barely miss the quokka.
The quokka is lightly wounded.
The quokka is engulfed in noxious fumes.
The quokka appears confused.
The quokka is engulfed in noxious fumes.
The quokka appears confused.
You hit the quokka.
You kill the quokka!
Dithmenos accepts your kill.
Casting: Mephitic Cloud (safe; 21% risk of failure)
Confirm with . or Enter, or press ? or * to list all spells.
Aiming: Mephitic Cloud (safe; 21% risk of failure)
Press: ? - help, Shift-Dir - straight line, f - iguana
Aim: an iguana The ball explodes into a vile cloud!
The stinking cloud engulfs the iguana.
The iguana is engulfed in noxious fumes.
Unknown command.
Casting: Mephitic Cloud (safe; 21% risk of failure)
Confirm with . or Enter, or press ? or * to list all spells.
Aiming: Mephitic Cloud (safe; 21% risk of failure)
Press: ? - help, Shift-Dir - straight line, f/p - iguana
Aim: an iguana (lightly wounded)
The ball explodes into a vile cloud!
The stinking cloud engulfs the iguana.
The iguana is lightly wounded.
The iguana is engulfed in noxious fumes.
The iguana appears confused.
Unknown command.
The iguana is engulfed in noxious fumes.
The iguana appears confused.
The iguana bites you!
You die...

#.... ... #.....#.....# ######..
##.....#.....# #.....#..
#......#....######.....#..
#.....##...#..........#..
##.....##...#..........#..
#...........#..........#..
#....§§§l§..'.......†..#..
#....o§.§@..#.....###'##..
########....§§§...#.....#.......
#..... #....o##..)#.....#.......
#.....##..)..######.....#.......
#.............# #.....#...##..
.#........(....# #.....#...##..
.'.....))(.....# #.....#.......
.#...........(.# #.....#.......
#.............# #.....+.......


You could see an iguana (confused) and 2 orcs.

Vanquished Creatures
  Grinder (D:3)
  The ghost of torrenera the Ruffian, an amateur TrWr (D:4)
  An ice beast (D:7)
  3 black bears (D:6)
  2 sky beasts
  An ogre (D:7)
  2 centaurs
  Blork the orc (D:5)
  2 bullfrogs
  4 crimson imps
  A bullfrog zombie (D:5)
  2 hounds
  An orc priest (D:5)
  2 iguanas
  7 orc wizards
  3 worker ants
  2 hound skeletons
  3 river rats (D:5)
  7 adders
  A shadow imp (D:6)
  7 oozes
  An adder skeleton (D:5)
  8 worms
  2 dart slugs
  4 leopard geckos
  20 orcs
  6 giant cockroaches
  6 goblins
  6 hobgoblins
  11 jackals
  3 quokkas
  3 ball pythons
  9 bats
  6 frilled lizards
  4 kobolds (D:2)
  13 rats
156 creatures vanquished.

Vanquished Creatures (collateral kills)
  A ball python (D:5)
  A giant cockroach (D:2)
  A rat (D:5)
3 creatures vanquished.

Grand Total: 159 creatures vanquished

Notes
Turn   | Place    | Note
-------+----------+-------------------------------------------
     0 | D:1      | Amnesiac the Spriggan Wizard began the quest for the Orb.
     0 | D:1      | Reached XP level 1. HP: 9/9 MP: 6/6
     1 | D:1      | Found a runed door.
   388 | D:1      | Reached XP level 2. HP: 13/13 MP: 1/8
   392 | D:1      | Learned a level 2 spell: Call Imp
   655 | D:1      | Reached skill level 5 in Spellcasting
   755 | D:1      | Learned a level 2 spell: Blink
  1074 | D:2      | Reached XP level 3. HP: 9/16 MP: 10/10
  1086 | D:2      | Learned a level 3 spell: Conjure Flame
  1090 | D:2      | Learned a level 3 spell: Mephitic Cloud
  1487 | D:2      | Reached skill level 1 in Short Blades
  1899 | D:2      | Reached XP level 4. HP: 12/21 MP: 5/12
  2002 | D:2      | Found a burning altar of Makhleb.
  2010 | D:2      | Found an opulent altar of Gozag.
  2599 | D:3      | Found a snail-covered altar of Cheibriados.
  2778 | D:3      | Noticed Grinder
  2798 | D:3      | Killed Grinder
  2798 | D:3      | Reached XP level 5. HP: 24/24 MP: 2/16
  2798 | D:3      | Reached XP level 6. HP: 28/28 MP: 2/17
  3745 | D:4      | Found a sacrificial altar of Ru.
  3745 | D:4      | Noticed torrenera's ghost (amateur TrWr)
  4395 | D:5      | Entered Level 5 of the Dungeon
  4423 | D:5      | Learned a level 1 spell: Confusing Touch
  4425 | D:5      | Learned a level 1 spell: Apportation
  4546 | D:5      | Noticed a sky beast
  4582 | D:5      | Killed a sky beast
  4582 | D:5      | Reached XP level 7. HP: 32/32 MP: 13/19
  4674 | D:5      | Reached skill level 5 in Short Blades
  4674 | D:5      | Reached skill level 5 in Stealth
  4708 | D:5      | Found a glowing drain.
  4713 | Sewer    | Entered a sewer
  5628 | D:4      | Killed torrenera's ghost
  5698 | D:5      | Found Gint's Gadget Shop.
  5734 | D:5      | Learned a level 3 spell: Confuse
  5756 | D:5      | Noticed Blork the orc
  5992 | D:5      | Killed Blork the orc
  5992 | D:5      | Reached XP level 8. HP: 36/36 MP: 15/20
  6043 | D:5      | Reached skill level 1 in Shields
  6997 | D:6      | Found a hide-covered altar of Uskayaw.
  7211 | D:6      | Found a staircase to the Ecumenical Temple.
  7229 | Temple   | Entered the Ecumenical Temple
  7337 | Temple   | Became a worshipper of Dithmenos the Shadowed
  7793 | D:7      | Reached XP level 9. HP: 25/39 MP: 2/21
  8026 | D:7      | Slain by an iguana

Vault maps used:
D:1:      dpeg_arrival_caged_fury
D:2:      amethyst_overflow_temple_binary, serial_forest,
          infiniplex_forest_clump_C, infiniplex_forest_lined_room_2,
          infiniplex_forest_clump_long, infiniplex_forest_corner_1,
          infiniplex_forest_zigzag_2
D:3:      lemuel_round_altar, uniq_grinder
D:4:      first_ration, nicolae_ru_awakened_eye
D:5:      portal_sewer_entry_e, serial_shops, shop, uniq_blork_the_orc
D:6:      lemuel_doored_altar, minmay_temple_entry_junction
D:7:      lemuel_coloured_pillars_altar, serial_shops, shop
Temple:   jpeg_temple_clearing
Sewer:    sewer_fruit_machine

Skill      XL: |  1  2  3  4  5  6  7  8 |
---------------+-------------------------+-----
Spellcasting   | 5 7 |  7.6
Short Blades   | 2 3 4 6 8 |  8.0
Stealth        | 4 6 8 |  8.0
Shields        | 4 |  4.6
Dodging        | |  3.0
Conjurations   | |  0.6
Summonings     | |  0.7
Translocations | |  1.5

Action                   |  1- 3 |  4- 6 |  7- 9 || total
-------------------------+-------+-------+-------++-------
Melee: Unarmed           |    14 |       |       ||    14
       Dagger            |    36 |    95 |   297 ||   428
 Cast: Magic Dart        |    84 |    69 |    19 ||   172
       Call Imp          |     3 |       |     1 ||     4
       Mephitic Cloud    |     7 |     8 |    22 ||    37
       Conjure Flame     |       |    11 |     4 ||    15
       Blink             |       |       |     6 ||     6
       Confuse           |       |       |    38 ||    38
  Use: Scroll            |       |     7 |     1 ||     8
 Stab: Sleeping          |     3 |     5 |    10 ||    18
       Confused          |       |     5 |    27 ||    32
       Distracted        |       |       |     1 ||     1
  Eat: Ration            |       |     1 |     2 ||     3
Armor: Robe              |     3 |     6 |    22 ||    31
Dodge: Dodged            |    49 |    93 |   229 ||   371

Table legend:
 A = Spawn XP
 B = Non-spawn XP
 C = Spawn XP percentage of total XP
 D = Spawn monster count
 E = Non-spawn monster count
 F = Spawn count percentage of total count
 G = Total turns spent on level
                    A         B        C        D         E        F      G
               +---------+---------+-------+---------+---------+-------+---------
         Total |       0 |    3142 |   0.0 |       0 |     159 |   0.0 |  8026
               +---------+---------+-------+---------+---------+-------+---------
           D:1 |       0 |      75 |   0.0 |       0 |      31 |   0.0 |   903
           D:2 |       0 |      98 |   0.0 |       0 |      24 |   0.0 |  1567
           D:3 |       0 |     325 |   0.0 |       0 |      10 |   0.0 |   995
           D:4 |       0 |     343 |   0.0 |       0 |      11 |   0.0 |  1334
           D:5 |       0 |     661 |   0.0 |       0 |      24 |   0.0 |  1111
           D:6 |       0 |    1117 |   0.0 |       0 |      24 |   0.0 |  1030
           D:7 |       0 |     433 |   0.0 |       0 |       8 |   0.0 |   269
        Temple |       0 |       3 |   0.0 |       0 |       1 |   0.0 |   124
         Sewer |       0 |      87 |   0.0 |       0 |      26 |   0.0 |   693
               +---------+---------+-------+---------+---------+-------+---------
